 Dungeon Crawl Stone Soup version 0.23.2-1-ga50397a (webtiles) character file.

Game seed: 9918332676877839061

46482 MalarOregon the Spear-Bearer (level 14, 0/102 HPs)
             Began as a Merfolk Skald on May 18, 2019.
             Was a High Priest of Hepliaklqana.
             Splashed by an oklob plant's acid (13 damage)
             ... on level 6 of the Lair of Beasts.
             The game lasted 01:10:58 (27815 turns).

MalarOregon the Spear-Bearer (Merfolk Skald)       Turns: 27815, Time: 01:10:59

Health: 0/102      AC: 21    Str: 14    XL:     14   Next: 37%
Magic:  23/23      EV: 11    Int: 14    God:    Hepliaklqana [*****.]
Gold:   363        SH:  8    Dex: 14    Spells: 19/25 levels left

rFire    . . .     SeeInvis .   a - +0 trident
rCold    + . .     Gourm    .   A - +3 warlock's mirror {reflect}
rNeg     + . .     Faith    .   g - +1 chain mail {rN+}
rPois    +         Spirit   .   p - +1 helmet
rElec    .         Reflect  +   l - +1 cloak
rCorr    .         Harm     .   s - +0 pair of gloves
MR       +....                  D - +2 pair of boots {Stlth+}
Stlth    ..........             q - amulet of rage
HPRegen  0.27/turn              m - ring of protection from cold
MPRegen  0.18/turn              w - ring of poison resistance

@: lethally poisoned (0 -> -8)
A: change form in water, swift swim, stealthy swim, reduced essence
a: Recall Ancestor, Ancestor Identity, Transference, Idealise, Renounce
Religion, Evoke Berserk Rage


You were on level 6 of the Lair of Beasts.
You worshipped Hepliaklqana.
Hepliaklqana was extremely pleased with you.
You were hungry.

You visited 3 branches of the dungeon, and saw 18 of its levels.

You collected 884 gold pieces.
You spent 521 gold pieces at shops.

Inventory:

Hand Weapons
 a - a +0 trident (weapon)
   (You took it off an orc on level 5 of the Dungeon)
 F - the cursed +1 falchion of Lies {protect, rN+ Dex+5, unknown}
   (You found it on level 4 of the Lair of Beasts)

   It protects the one who uses it against injury (+AC on strike).
   It affects your dexterity (+5).
   It protects you from negative energy.
   It has a curse placed upon it.
 H - the +3 shortbow of Subterfuge {venom, rN++ MR+ Int-3, unknown}
   (You found it on level 2 of the Lair of Beasts)

   It poisons the ammo it fires.
   It affects your intelligence (-3).
   It greatly protects you from negative energy.
   It affects your resistance to hostile enchantments.
Missiles
 h - 3 tomahawks of returning
 i - 3 throwing nets (quivered) {!f}
Armour
 g - a +1 chain mail of positive energy (worn)
   (You took it off an orc warrior on level 4 of the Dungeon)
 l - a +1 cloak (worn)
   (You found it on level 1 of the Dungeon)
 p - a +1 helmet (worn)
   (You bought it in a shop on level 10 of the Dungeon)
 s - a +0 pair of gloves (worn)
   (You found it on level 6 of the Dungeon)
 A - the +3 warlock's mirror (worn) {reflect}
   (You found it on level 8 of the Dungeon)
 D - a +2 pair of boots of stealth (worn)
   (You acquired it on level 11 of the Dungeon)
Jewellery
 b - an uncursed amulet of magic regeneration
   (You found it on level 7 of the Dungeon)
 k - an uncursed ring of resist corrosion
   (You took it off an orc on level 6 of the Dungeon)
 m - a ring of protection from cold (left hand)
   (You took it off a gnoll on level 4 of the Dungeon)
 o - an uncursed ring of protection from cold
   (You took it off a hobgoblin on level 3 of the Dungeon)
 q - an amulet of rage (around neck)
   (You found it on level 2 of the Dungeon)
 w - a ring of poison resistance (right hand)
   (You bought it in a shop on level 7 of the Dungeon)
 x - a +5 ring of protection
   (You found it on level 10 of the Dungeon)
 K - an uncursed ring of protection from fire {unknown}
   (You found it on level 3 of the Lair of Beasts)
 R - a cursed ring of teleportation {unknown}
   (You found it on level 5 of the Lair of Beasts)
Wands
 c - a wand of disintegration (16)
   (You found it on level 3 of the Lair of Beasts)
 t - a wand of flame (23)
   (You found it on level 3 of the Lair of Beasts)
 u - a wand of polymorph (9)
   (You found it on level 2 of the Lair of Beasts)
Scrolls
 f - 8 scrolls of remove curse {@r2}
 v - 6 scrolls of teleportation {@r4}
 I - a scroll of fear
 J - 4 scrolls of immolation {!r}
 Q - a scroll of enchant weapon
Potions
 d - 4 potions of flight
 j - a potion of cancellation
 r - 2 potions of might
 z - 2 potions of mutation {!q}
 B - a potion of invisibility
 C - 5 potions of agility
 E - 2 potions of haste {@q3}
 G - 2 potions of curing {@q1}
 M - a potion of ambrosia
 N - a potion of lignification {!q}
Miscellaneous
 n - a fan of gales
   (You found it on level 6 of the Lair of Beasts)
 y - a lamp of fire (inert)
   (You found it on level 1 of the Lair of Beasts)
Comestibles
 e - 25 rations {!d}
 L - 9 chunks of flesh


   Skills:
 + Level 11.8 Fighting
 - Level 14.0 Polearms
 - Level 8.0 Armour
 - Level 10.0 Dodging
 + Level 4.8 Shields
 - Level 6.0 Spellcasting
 + Level 6.3 Hexes
 + Level 7.4 Charms
 - Level 4.0 Necromancy
 - Level 7.0 Invocations
 - Level 6.0 Evocations


You had 19 spell levels left.
You knew the following spells:

 Your Spells              Type           Power        Failure   Level  Hunger
e - Regeneration          Chrm/Necr      ###.......   58%         3    ###....
t - Spectral Weapon       Hex/Chrm       ###.....     43%         3    ###....

Your spell library contained the following spells:

 Spells                   Type           Power        Failure   Level  Hunger
 Infusion                 Chrm           ####         12%         1    None
 Song of Slaying          Chrm           ####....     19%         2    #......
 Shroud of Golubria       Chrm/Tloc      ##........   65%         2    #......
 Ozocubu's Armour         Chrm/Ice       ##......     86%         3    ###....
 Beastly Appendage        Tmut           #.....       95%         1    None
 Freeze                   Ice            #...         95%         1    None
 Sticks to Snakes         Tmut           #.......     98%         2    #......
 Throw Frost              Conj/Ice       #.....       98%         2    #......
 Spider Form              Tmut/Pois      #.........   100%        3    ###....
 Ice Form                 Ice/Tmut       #.......     100%        4    ####...
 Summon Ice Beast         Ice/Summ       #.......     100%        4    ####...
 Throw Icicle             Conj/Ice       #.......     100%        4    ####...
 Blade Hands              Tmut           #.........   100%        5    ######.


Dungeon Overview and Level Annotations

Branches:
Dungeon (11/15)            Temple (1/1) D:6            Lair (6/6) D:10
 Shoals (0/4) Lair:3       Spider (0/4) Lair:3        Slime (0/5) Lair:5
    Orc (0/2) D:10

Altars:
Ashenzari
Cheibriados
Dithmenos
Elyvilon
Fedhas
Gozag
Hepliaklqana
Kikubaaqudgha
Makhleb
Nemelex Xobeh
Okawaru
Qazlal
Ru
Sif Muna
Trog
Uskayaw
Vehumet
Wu Jian
Xom
Yredelemnul
Zin
The Shining One
Beogh
Jiyva

Shops:
D:6 [   D:7 =   D:8 ?   D:10 [

Annotations:
D:3 3 runed translucent doors, MalarOregon's ghost, amateur MfGl
D:6 2 transporters
Lair:5 1 runed translucent door
Lair:6 exclusion: 3 oklob plants


Message History

The black mamba closely misses you.
Attack whom?
Aim: an oklob plant (heavily damaged)
The black mamba is in the way.
You barely miss the black mamba. The black mamba closely misses you.
Servia hits the oklob plant with a +0 flail!
Attack whom?
Aim: an oklob plant (severely damaged)
You reach to attack!
You hit the oklob plant but do no damage.
The black mamba closely misses you.
Attack whom?
Aim: an oklob plant (severely damaged)
The black mamba is in the way.
You hit the black mamba.
The black mamba bites you but does no damage.
Servia hits the oklob plant with a +0 flail!
The black mamba bites you!
* * * LOW HITPOINT WARNING * * *
You are poisoned.
The black mamba poisons you!
Attack whom?
Aim: an oklob plant (almost destroyed)
You reach to attack!
You hit the oklob plant but do no damage.
You feel sick.
The black mamba bites you but does no damage.
Attack whom?
Aim: an oklob plant (almost destroyed)
The black mamba is in the way.
You hit the black mamba.
You feel sick.
Servia hits the oklob plant with a +0 flail.
The oklob plant is destroyed!
The black mamba bites you but does no damage.
You feel sick.
You barely miss the black mamba.
You feel sick. The black mamba barely misses you.
You puncture the black mamba!
You feel sick. You block the black mamba's attack.
Servia hits the black mamba with a +0 flail!
The black mamba dies!
You feel sick. The oklob plant spits acid at you. The splash of acid hits you.
* * * LOW HITPOINT WARNING * * *
You are splashed with acid!
* * * LOW HITPOINT WARNING * * *
The oklob plant spits acid at you. The splash of acid hits you!
* * * LOW HITPOINT WARNING * * *
You are splashed with acid!
You die...

#...(....######
###....#.....##
.... ##......#
#.. #....P..#
##.##.#..PP.#
#.........#...
##.P...........
#..............
#..@R..........
#.##.†PPP##..
## #...$.#
#$$.)$# #.$PP.#
#!.$.$# #..P$"#
#######


You could see the friendly Servia the knight and 3 oklob plants.

Vanquished Creatures
  Gastronok (Lair:2)
  Harold (D:10)
  3 hydras
  7 death yaks
  Nergalle (D:10)
  An unseen horror (D:11)
  An ugly thing (D:11)
  A merfolk siren (Lair:3)
  2 black mambas
  5 elephants (Lair:4)
  4 spiny frogs
  4 komodo dragons
  3 centaur skeletons (D:11)
  2 ice devils (Lair:4)
  3 trolls
  A polar bear (D:8)
  7 blink frogs (Lair:3)
  3 hippogriffs
  2 redbacks (Lair:3)
  2 wyverns
  24 yaks
  A hungry ghost (D:7)
  3 basilisks (D:10)
  A warg (Lair:6)
  6 water moccasins
  5 ice beasts
  A hell hound (Lair:6)
  11 porcupines
  A black bear (D:4)
  5 orc warriors
  4 sky beasts
  4 ogres
  3 phantoms
  2 centaurs
  6 wolves
  8 crocodiles
  6 big kobolds
  9 bullfrogs
  A gnoll sergeant (D:10)
  3 scorpions
  12 killer bees
  2 howler monkeys
  An electric eel (D:8)
  4 crimson imps
  A centaur zombie (D:3)
  2 bullfrog zombies
  8 hounds
  5 orc priests
  4 jellies
  10 orc wizards
  2 bullfrog skeletons
  2 iguanas
  13 worker ants
  A bullfrog simulacrum (D:8)
  3 hound skeletons
  A worker ant zombie (D:7)
  A killer bee simulacrum (D:8)
  10 adders
  3 gnolls (D:4)
  3 river rats (D:7)
  A white imp (D:8)
  2 oozes (D:4)
  3 adder skeletons (D:7)
  3 worms
  2 dart slugs
  5 leopard geckos
  33 orcs
  5 bats
  3 giant cockroaches
  4 goblins
  8 hobgoblins
  14 jackals
  14 kobolds
  6 quokkas
  3 ball pythons
  A ball python skeleton (D:5)
  2 frilled lizards
  A jackal skeleton (D:6)
  10 rats
  6 plants (D:7)
372 creatures vanquished.

Vanquished Creatures (collateral kills)
  Nessos (Lair:4)
  5 death yaks
  Urug (D:10)
  3 black mambas
  An ugly thing (D:11)
  An oklob plant (Lair:6)
  2 spiny frogs (Lair:2)
  5 komodo dragons
  A polar bear (Lair:6)
  5 blink frogs (Lair:3)
  3 hippogriffs
  A redback (Lair:3)
  A basilisk (Lair:1)
  A wyvern (Lair:4)
  13 yaks
  A hungry ghost (D:11)
  3 porcupines
  7 water moccasins
  A phantom (D:9)
  An orc warrior (D:10)
  A necrophage (D:8)
  A wolf (Lair:6)
  3 bullfrogs
  5 gnoll sergeants (D:10)
  A scorpion (Lair:3)
  A killer bee (D:8)
  2 crimson imps
  A bullfrog zombie (D:7)
  3 orc wizards
  3 worker ants
  A hound skeleton (D:11)
  A gnoll (D:10)
  An adder (D:10)
  A river rat (D:7)
  A shadow imp (D:10)
  An ufetubus (D:8)
  3 orcs
  A fungus (Lair:2)
  2 plants (D:7)
90 creatures vanquished.

Vanquished Creatures (others)
  A killer bee (D:8)
  An orc priest (D:9)
  16 knights
  7 ancestors
  2 bushes
  6 fungi
  26 plants
59 creatures vanquished.

Grand Total: 521 creatures vanquished

Notes
Turn   | Place    | Note
-------+----------+-------------------------------------------
     0 | D:1      | MalarOregon the Merfolk Skald began the quest for the Orb.
     0 | D:1      | Reached XP level 1. HP: 16/16 MP: 3/3
   212 | D:1      | Reached skill level 4 in Polearms
   212 | D:1      | Reached XP level 2. HP: 22/22 MP: 5/5
   421 | D:2      | Reached skill level 5 in Polearms
   421 | D:2      | Reached XP level 3. HP: 25/27 MP: 6/6
  1170 | D:3      | Noticed an ogre
  1192 | D:3      | Reached skill level 6 in Polearms
  1192 | D:3      | Reached XP level 4. HP: 19/33 MP: 7/7
  1252 | D:3      | Killed an ogre
  1252 | D:3      | Reached XP level 5. HP: 18/38 MP: 8/8
  1254 | D:3      | Reached skill level 7 in Polearms
  1577 | D:3      | Learned a level 3 spell: Regeneration
  1581 | D:3      | Learned a level 3 spell: Spectral Weapon
  1891 | D:3      | Found a runed translucent gate.
  1891 | D:3      | Noticed MalarOregon's ghost (amateur MfGl)
  1892 | D:3      | Found a runed translucent gate.
  1892 | D:3      | Found a runed translucent gate.
  1892 | D:3      | Identified the +7 whip "Fiuc" {freeze, rF+ rC+ Str+4 Int+3}
  1893 | D:3      | Found a roughly hewn altar of Beogh.
  2166 | D:4      | You fall through a shaft for 2 floors!
  2184 | D:6      | Reached XP level 6. HP: 27/44 MP: 9/9
  2193 | D:6      | Found an opulent altar of Gozag.
  2438 | D:6      | Noticed a kobold demonologist
  2475 | D:6      | Found a radiant altar of Vehumet.
  2521 | D:6      | Found a transporter.
  2616 | D:6      | Reached skill level 8 in Polearms
  2631 | D:6      | Found a staircase to the Ecumenical Temple.
  2931 | D:6      | You fall through a shaft for 2 floors!
  3035 | D:7      | Reached XP level 7. HP: 50/50 MP: 10/10
  3048 | D:7      | Reached skill level 9 in Polearms
  3264 | D:7      | Reached skill level 1 in Hexes
  3350 | D:7      | Reached skill level 1 in Necromancy
  3654 | D:6      | Found a transporter.
  3659 | D:5      | Entered Level 5 of the Dungeon
  3726 | D:4      | HP: 2/50 [orc priest/divine providence (11)]
  4019 | D:4      | Reached XP level 8. HP: 36/56 MP: 11/11
  5261 | D:4      | Found a shadowy altar of Dithmenos.
  6335 | D:5      | Reached skill level 5 in Dodging
  6335 | D:5      | Reached XP level 9. HP: 40/65 MP: 12/12
  6568 | D:5      | Reached skill level 10 in Polearms
  6594 | D:5      | Found an iron altar of Okawaru.
  6869 | D:4      | Reached skill level 1 in Armour
  7830 | D:6      | Found Mafasteba's Armour Boutique.
  8011 | Temple   | Entered the Ecumenical Temple
  8212 | Temple   | Became a worshipper of Hepliaklqana the Forgotten
  8244 | D:6      | Reached skill level 5 in Fighting
  8431 | D:6      | Bought a +0 pair of boots for 49 gold pieces
  8771 | D:7      | Found a stormy altar of Qazlal.
  9428 | D:7      | Found a hide-covered altar of Uskayaw.
  9563 | D:7      | Found Visulyr's Jewellery Shop.
  9569 | D:7      | Bought an uncursed ring of poison resistance for 240 gold
                  | pieces
  9820 | D:7      | Reached skill level 11 in Polearms
  9820 | D:7      | Reached XP level 10. HP: 67/69 MP: 13/13
  9873 | D:7      | Reached * piety under Hepliaklqana
 11308 | D:8      | Found Wuhedd's Magic Scroll Shoppe.
 11325 | D:8      | Bought a scroll of identify for 30 gold pieces
 11326 | D:8      | Bought a scroll of identify for 30 gold pieces
 11691 | D:8      | Found the +3 warlock's mirror {reflect}
 11914 | D:9      | Found an ancient bone altar of Kikubaaqudgha.
 12050 | D:9      | Found a shadowy altar of Dithmenos.
 12278 | D:9      | Reached skill level 12 in Polearms
 12506 | D:9      | You fall through a shaft for 2 floors!
 12509 | D:11     | Reached ** piety under Hepliaklqana
 12514 | D:11     | Remembered your ancestor Servia as a knight
 12528 | D:11     | Reached XP level 11. HP: 75/76 MP: 14/17
 12542 | D:10     | Entered Level 10 of the Dungeon
 12557 | D:11     | Reached skill level 13 in Polearms
 12694 | D:10     | Noticed Nergalle
 12698 | D:10     | Noticed a spectral orc warlord
 12729 | D:10     | Killed Nergalle
 12867 | D:10     | Reached skill level 14 in Polearms
 13163 | D:10     | Reached skill level 1 in Invocations
 13247 | D:10     | Found a staircase to the Lair.
 13283 | D:10     | Noticed Harold
 13328 | D:10     | Killed Harold
 13328 | D:10     | Reached skill level 1 in Evocations
 13533 | D:10     | Found a staircase to the Orcish Mines.
 14128 | D:11     | Identified a scroll of acquirement
 14261 | D:11     | Killed an unseen horror
 14540 | D:11     | Noticed a green ugly thing
 14569 | D:11     | Killed a green ugly thing
 14739 | D:11     | Noticed a white ugly thing
 14765 | D:11     | Killed a white ugly thing
 14765 | D:11     | Reached skill level 5 in Charms
 14765 | D:11     | Reached XP level 12. HP: 83/83 MP: 19/19
 15108 | D:10     | Reached skill level 5 in Hexes
 15368 | D:10     | Found Vuguc's Antique Armour Emporium.
 15371 | D:10     | Bought a shiny helmet for 172 gold pieces
 15756 | D:9      | Found a burning altar of Makhleb.
 15932 | D:9      | Reached *** piety under Hepliaklqana
 16267 | Lair:1   | Entered Level 1 of the Lair of Beasts
 16308 | D:10     | Reached skill level 5 in Spellcasting
 16494 | Lair:1   | Noticed Urug
 16666 | D:10     | Killed Urug
 16666 | D:10     | Reached skill level 10 in Dodging
 16911 | Lair:1   | Reached skill level 5 in Armour
 17572 | Lair:1   | Noticed an eight-headed hydra
 17582 | Lair:1   | Killed an eight-headed hydra
 17648 | Lair:1   | Reached skill level 5 in Invocations
 18462 | Lair:2   | Reached **** piety under Hepliaklqana
 18485 | Lair:2   | Reached XP level 13. HP: 86/91 MP: 20/20
 18492 | Lair:2   | Got a crude shortbow
 18500 | Lair:2   | Noticed Gastronok
 18529 | Lair:2   | Killed Gastronok
 18529 | Lair:2   | Reached skill level 10 in Fighting
 18529 | Lair:2   | Reached skill level 5 in Evocations
 19066 | Lair:3   | Found a hole to the Spider Nest.
 19944 | Lair:3   | Reached ***** piety under Hepliaklqana
 20297 | Lair:3   | Found a staircase to the Shoals.
 20880 | Lair:4   | Got a brightly glowing falchion
 20994 | Lair:4   | Found a frozen archway.
 21682 | Lair:3   | HP: 3/95 [death yak (18)]
 23969 | Lair:1   | Reached XP level 14. HP: 51/101 MP: 20/22
 25196 | Lair:4   | Noticed Nessos
 25260 | Lair:4   | Killed Nessos
 26464 | Lair:5   | Found a runed translucent door.
 26464 | Lair:5   | Found a viscous altar of Jiyva.
 26466 | Lair:5   | Noticed an acid blob
 26467 | Lair:5   | Noticed an acid blob
 26468 | Lair:5   | Found a staircase to the Slime Pits.
 26645 | Lair:6   | Entered Level 6 of the Lair of Beasts
 27815 | Lair:6   | Splashed by an oklob plant's acid

Skill      XL: |  1  2  3  4  5  6  7  8  9 10 11 12 13 14 |
---------------+-------------------------------------------+-----
Polearms       | 4 5 6 7 8 9 11 12 14 | 14.0
Shields        | 2 3 4 |  4.8
Hexes          | 2 4 5 6 |  6.3
Necromancy     | 1 3 4 |  4.0
Charms         | 4 5 6 7 |  7.4
Dodging        | 5 6 8 9 10 | 10.0
Fighting       | 4 6 8 9 11 | 11.8
Armour         | 3 4 6 8 |  8.0
Spellcasting   | 4 5 6 |  6.0
Invocations    | 2 5 7 |  7.0
Evocations     | 2 4 6 |  6.0

Action                   |  1- 3 |  4- 6 |  7- 9 | 10-12 | 13-15 || total
-------------------------+-------+-------+-------+-------+-------++-------
Melee: Spear             |   144 |   255 |   596 |       |       ||   995
       Tailslap          |       |     4 |       |     1 |       ||     5
       Trident           |       |       |   500 |  1496 |   980 ||  2976
Invok: Recall Ancestor   |       |       |       |     2 |     2 ||     4
       Ancestor Life: Kn |       |       |       |     1 |       ||     1
 Abil: Evoke Berserk Rag |       |       |     1 |       |       ||     1
Evoke: Wand              |       |       |       |    15 |     1 ||    16
       Lamp of fire      |       |       |       |     1 |     1 ||     2
  Use: Scroll            |       |     8 |     7 |     8 |     2 ||    25
       Potion            |       |       |     7 |     1 |     2 ||    10
 Stab: Distracted        |       |       |       |     9 |     4 ||    13
       Petrified         |       |       |       |     7 |       ||     7
       Petrifying        |       |       |       |     1 |       ||     1
  Eat: Chunk             |     1 |     6 |    20 |    25 |    16 ||    68
       Ration            |       |       |     2 |     1 |     4 ||     7
Armor: Leather armour    |     3 |       |       |       |       ||     3
       Scale mail        |    28 |    46 |   147 |       |       ||   221
       Skin              |       |       |    59 |       |       ||    59
       Chain mail        |       |       |    86 |   360 |   290 ||   736
Dodge: Dodged            |    48 |    42 |   237 |   265 |   229 ||   821
Block: Buckler           |     1 |    37 |   129 |   269 |   216 ||   652
       Reflection        |       |       |       |     8 |     2 ||    10
